 Dungeon Crawl Stone Soup version 0.30.1-9-gdf580d7c3d (webtiles) character file.

Game seed: 11729935718169400627

15047 lonewolfV2 the Nimble (level 11, -1/83 HPs)
             Began as a Demonspawn Fighter on Oct 25, 2023.
             Was an Elder of Qazlal.
             Succumbed to a meliai's poison
             ... on level 9 of the Dungeon.
             The game lasted 00:24:31 (9445 turns).

lonewolfV2 the Nimble (Demonspawn Fighter)          Turns: 9445, Time: 00:24:32

Health: -1/83      AC:  9    Str: 20    XL:     11   Next: 96%
Magic:  15/15      EV: 10    Int:  9    God:    Qazlal [****..]
Gold:   880        SH: 17    Dex: 16    Spells: 10/10 levels left

rFire   + . .        a - +0 war axe
rCold   . . .        c - +0 buckler
rNeg    + . .        o - +0 plate armour
rPois   .            (helmet unavailable)
rElec   .            d - +0 cloak
rCorr   .            (no gloves)
SInv    .            h - +1 pair of boots
Will    .....        b - amulet "Segriogh" {Reflect rF+ Will- Regen+ Dex+2 SH+5} Stlth
                     r - ring of positive energy
HPRegen 1.13/turn    A - +4 ring of slaying
MPRegen 0.14/turn

%: repel missiles, reflection
@: lethally poisoned (-1 -> -20), corroded
A: hooves 2, horns 3, ignite blood 1, spiny 1
a: Renounce Religion, Upheaval, Elemental Force


You were on level 9 of the Dungeon.
You worshipped Qazlal.
Qazlal was greatly pleased with you.
You visited 2 branches of the dungeon, and saw 10 of its levels.
You also visited: Ossuary.

You collected 880 gold pieces.

Inventory:

Hand Weapons
 a - a +0 war axe (weapon)
 k - the +6 sling of Earthquakes {freeze, Str-5 Dex+5 SInv}
   (You found it on level 2 of the Dungeon)

   Str:       It affects your strength (-5).
   Dex:       It affects your dexterity (+5).
   SInv:      It lets you see invisible.
Missiles
 j - 3 throwing nets (quivered)
Armour
 c - a +0 buckler (worn)
 d - a +0 cloak (worn)
 h - a +1 pair of boots (worn)
 o - a +0 plate armour (worn)
Jewellery
 b - the amulet "Segriogh" (around neck) {Reflect rF+ Will- Regen+ Dex+2 SH+5}
   (You acquired it on level 3 of the Dungeon)

   [amulet of reflection]

   It reflects blocked missile attacks.
   Dex:       It affects your dexterity (+2).
   rF:        It protects you from fire.
   Regen:     It increases your rate of health regeneration.
   SH:        It affects your SH (+5).
   Will:      It decreases your willpower.
 r - a ring of positive energy (left hand)
 y - a ring of ice
 A - a +4 ring of slaying (right hand)
 B - a ring of flight
 F - an amulet of faith
Wands
 m - a wand of charming (11)
Scrolls
 f - 7 scrolls of teleportation
 i - 2 scrolls of blinking
 t - a scroll of fog
 v - 2 scrolls of enchant armour
 w - 3 scrolls of magic mapping
 x - a scroll of amnesia
 C - 3 scrolls of identify
 E - a scroll of acquirement
 G - a scroll of fear {unknown}
Potions
 e - 2 potions of haste
 g - 5 potions of lignification
 l - 4 potions of resistance
 n - 9 potions of curing
 p - 2 potions of magic
 q - 3 potions of mutation
 s - 2 potions of brilliance
 u - a potion of heal wounds
 z - 2 potions of flight {unknown}
 D - a potion of invisibility {unknown}


   Skills:
 - Level 6.5 Fighting
 + Level 6.6 Axes
 + Level 8.8 Armour
 + Level 9.8 Dodging
 + Level 8.8 Shields
 - Level 6.5 Invocations


You had 10 spell levels left.
You didn't know any spells.
Your spell library contained the following spells:

 Spells                   Type           Power      Damage    Failure   Level
 Magic Dart               Conj           0%         1d3       100%        1
 Blink                    Tloc           0%         N/A       100%        2
 Call Imp                 Summ           0%         N/A       100%        2
 Lesser Beckoning         Tloc           0%         N/A       100%        2
 Momentum Strike          Conj/Tloc      0%         3d8       100%        2
 Inner Flame              Hex/Fire       0%         N/A       100%        3
 Mephitic Cloud           Conj/Pois/Air  0%         N/A       100%        3
 Flame Wave               Conj/Fire      0%         2d4       100%        4
 Manifold Assault         Tloc           0%         N/A       100%        4
 Sticky Flame             Conj/Fire      0%         2d3       100%        4
 Storm Form               Tmut/Air       0%         N/A       100%        7


Dungeon Overview and Level Annotations

Branches:
Dungeon (9/15)             Temple (1/1) D:7            Lair (0/5) D:8
Ossuary (visited)
    Orc: D:9-12

Altars:
Ashenzari
Cheibriados
Dithmenos
Fedhas
Gozag
Hepliaklqana
Kikubaaqudgha
Makhleb
Nemelex Xobeh
Okawaru
Qazlal
Ru
Sif Muna
Trog
Uskayaw
Vehumet
Wu Jian
Xom
Yredelemnul

Shops:
D:5 ?   D:9 :


Innate Abilities, Weirdness & Mutations

You have hoof-like feet.
You have a pair of large horns on your head.
Your demonic aura sometimes causes spilled blood to erupt in flames.
You are partially covered in sharp spines.


Message History

You feel very sick. You block the meliai's attack.
The meliai closely misses you.
The kobold demonologist hits you with a +0 dagger.
The meliai hits you with a +5 morningstar of draining!
You partially resist.
You feel drained. The meliai barely misses you.
You closely miss the kobold demonologist.
You headbutt the kobold demonologist!
The kobold demonologist is heavily wounded.
You hit the meliai but do no damage.
You feel very sick. You block the meliai's attack.
The meliai barely misses you.
The kobold demonologist is struck by your spines.
The kobold demonologist hits you but does no damage.
You block the meliai's attack. The meliai completely misses you.
You hit the kobold demonologist.
The kobold demonologist is severely wounded.
You miss the meliai.
You feel very sick. You block the meliai's attack.
The meliai closely misses you. The meliai completely misses you.
You block the meliai's attack.
The kobold demonologist is struck by your spines.
The kobold demonologist hits you but does no damage.
The meliai mumbles some strange prayers to its god against you.
Something smites you!
* * * LOW HITPOINT WARNING * * *
The kobold demonologist is struck by your spines.
The kobold demonologist hits you with a +0 dagger.
* * * LOW HITPOINT WARNING * * *
You slash the kobold demonologist!
You kill the kobold demonologist!
Qazlal accepts your kill.
You hit the meliai.
You feel sick. You block the meliai's attack. The meliai stings you.
* * * LOW HITPOINT WARNING * * *
You are lethally poisoned!
The meliai poisons you! You block the meliai's attack.
The meliai stings you but does no damage.
Your life force feels restored.
Unknown command.
You die...

.#.._..#....##.......###.#.#.#.##
##.....#....#####)###############
#######.>..#.....††).# # #
#.......#.#+###)#.# # # #.......#
#.....# # # # #.......# ###'###.#
# # #.......# +..)).'.# # #
#.....(.# ###)###.# # # #.......#
#.@)..# # # #####.......# #y###'#
# ............#.... ... #
##########..#####. ### #
.........#..# .. # .........#..#
#. # .........#..# .. #
......>..#..# #. # .........'..#
#


You could see a meliai.

Vanquished Creatures
  2 two-headed ogres (D:9)
  8 death yaks
  A cyclops (D:8)
  Maggie (D:7)
  2 kobold demonologists (D:9)
  A hornet (D:9)
  A wraith (D:9)
  2 humans (D:7)
  18 yaks
  3 wyverns (D:9)
  A steam dragon (D:9)
  A water moccasin (D:9)
  A sky beast (D:7)
  6 orc warriors
  3 ice beasts
  2 black bears (D:6)
  2 ogres
  A phantom (D:5)
  7 centaurs
  3 kobold brigands
  3 gnoll sergeants
  3 scorpions
  4 bullfrogs
  3 water moccasin zombies (Ossuary)
  5 killer bees
  6 howler monkeys
  3 jellies
  A gnoll bouda (D:9)
  3 orc priests
  2 hounds (D:6)
  An iguana (D:7)
  3 sleepcaps
  Jessica (D:2)
  Natasha (twice) (D:2)
  7 orc wizards
  3 mummies
  17 gnolls
  5 adders
  An ufetubus (D:4)
  6 adder zombies (Ossuary)
  A worm (D:5)
  4 dart slugs
  27 orcs
  10 ball pythons
  8 endoplasms
  2 giant cockroaches
  5 goblins
  5 hobgoblins
  5 quokkas
  6 bats
  2 frilled lizards
  A gnoll zombie (Ossuary)
  5 hobgoblin zombies (Ossuary)
  12 kobolds
  4 kobold zombies
  4 orc zombies (Ossuary)
  4 rats
250 creatures vanquished.

Notes
Turn   | Place    | Note
-------+----------+-------------------------------------------
     0 | D:1      | lonewolfV2 the Demonspawn Fighter began the quest for the
                  | Orb.
     0 | D:1      | Reached XP level 1. HP: 18/18 MP: 1/1
   128 | D:1      | Gained mutation: You are partially covered in sharp spines.
                  | [demonic ancestry]
   128 | D:1      | Reached XP level 2. HP: 14/24 MP: 2/2
   175 | D:1      | Reached skill level 1 in Dodging
   513 | D:1      | Found a faded altar of an unknown god.
   769 | D:2      | Discovered your monstrous ancestry.
   769 | D:2      | Gained mutation: You have a pair of small horns on your
                  | head. [demonic ancestry]
   769 | D:2      | Reached XP level 3. HP: 28/29 MP: 3/3
   780 | D:2      | Identified the +6 sling of Earthquakes {freeze, Str-5 Dex+5
                  | SInv}
   954 | D:2      | Noticed Natasha
   959 | D:2      | Killed Natasha
  1013 | D:2      | Noticed Jessica
  1019 | D:2      | Killed Jessica
  1020 | D:2      | Reached skill level 2 in Dodging
  1020 | D:2      | Gained mutation: You have large cloven feet. [demonic
                  | ancestry]
  1020 | D:2      | Reached XP level 4. HP: 31/35 MP: 4/4
  1223 | D:2      | Noticed Natasha
  1227 | D:2      | Killed Natasha
  1717 | D:3      | Reached XP level 5. HP: 42/42 MP: 5/5
  2795 | D:3      | Identified a scroll of acquirement
  2795 | D:3      | Acquired the amulet "Segriogh" {Reflect rF+ Will- Regen+
                  | Dex+2 SH+5}
  2945 | D:4      | Noticed an ogre
  2959 | D:4      | Killed an ogre
  2960 | D:4      | Reached skill level 3 in Dodging
  2960 | D:4      | Gained mutation: You have hoof-like feet. [demonic
                  | ancestry]
  2960 | D:4      | Reached XP level 6. HP: 22/48 MP: 6/6
  3682 | D:4      | Found a shimmering blue altar of Sif Muna.
  3688 | D:4      | Found a stormy altar of Qazlal.
  3737 | D:4      | Became a worshipper of Qazlal Stormbringer
  3955 | D:5      | Entered Level 5 of the Dungeon
  3998 | D:5      | Found Liadid's Magic Scroll Shoppe.
  4380 | D:5      | Found an opulent altar of Gozag.
  4383 | D:5      | Found an ancient bone altar of Kikubaaqudgha.
  4400 | D:5      | Found a shadowy altar of Dithmenos.
  4553 | D:5      | Reached skill level 4 in Dodging
  4553 | D:5      | Gained mutation: You have a pair of horns on your head.
                  | [demonic ancestry]
  4553 | D:5      | Reached XP level 7. HP: 55/55 MP: 7/7
  4813 | D:6      | Identified the +0 leather armour of Liberalism {rElec rF-
                  | Regen+ Dex+8}
  4824 | D:6      | Reached * piety under Qazlal
  4825 | D:6      | Reached skill level 5 in Fighting
  4825 | D:6      | Reached skill level 5 in Dodging
  4829 | D:6      | Gained mutation: Your demonic aura sometimes causes spilled
                  | blood to erupt in flames. [demonic ancestry]
  4829 | D:6      | Reached XP level 8. HP: 55/62 MP: 8/8
  5486 | D:6      | Reached skill level 5 in Shields
  5489 | D:6      | Reached skill level 5 in Armour
  5558 | D:7      | Found a staircase to the Ecumenical Temple.
  5579 | D:7      | Reached skill level 6 in Dodging
  5643 | D:7      | Found a sand-covered staircase.
  5653 | Ossuary  | Entered an ossuary
  5757 | Ossuary  | Reached ** piety under Qazlal
  5865 | D:7      | Gained mutation: You have a pair of large horns on your
                  | head. [demonic ancestry]
  5865 | D:7      | Reached XP level 9. HP: 65/69 MP: 9/9
  5910 | D:7      | Noticed Maggie
  5925 | D:7      | Killed Maggie
  5926 | D:7      | Reached skill level 7 in Dodging
  6144 | Temple   | Entered the Ecumenical Temple
  6186 | D:7      | Found an iron altar of Okawaru.
  6469 | D:7      | Found a basalt altar of Yredelemnul.
  6943 | D:8      | Noticed a death yak
  6944 | D:8      | Noticed a death yak
  6945 | D:8      | Noticed a death yak
  6947 | D:8      | Noticed a death yak
  6953 | D:8      | Noticed a death yak
  6953 | D:8      | Noticed a death yak
  6956 | D:8      | Noticed a death yak
  6958 | D:8      | Noticed a death yak
  6958 | D:8      | Killed a death yak
  6958 | D:8      | Reached *** piety under Qazlal
  6959 | D:8      | Reached skill level 8 in Dodging
  6959 | D:8      | Reached XP level 10. HP: 55/77 MP: 10/10
  6969 | D:8      | Killed a death yak
  7219 | D:7      | Killed a death yak
  7220 | D:7      | Reached skill level 5 in Axes
  7256 | D:7      | Killed a death yak
  7421 | D:7      | Killed a death yak
  7573 | D:7      | Killed a death yak
  7574 | D:7      | Reached skill level 5 in Invocations
  7577 | D:7      | Killed a death yak
  7578 | D:7      | Reached XP level 11. HP: 30/83 MP: 13/15
  7743 | D:8      | Killed a death yak
  7788 | D:8      | Found a staircase to the Lair.
  8185 | D:8      | Found a snail-covered altar of Cheibriados.
  8258 | D:9      | Reached skill level 9 in Dodging
  8263 | D:9      | Noticed a two-headed ogre
  8271 | D:9      | Killed a two-headed ogre
  8557 | D:9      | Found a broken altar of Ashenzari.
  8869 | D:9      | Found Rukk's Book Shoppe.
  9255 | D:9      | Reached **** piety under Qazlal
  9350 | D:9      | Noticed a two-headed ogre
  9360 | D:9      | Killed a two-headed ogre
  9376 | D:9      | Noticed a soul eater
  9395 | D:9      | Paralysed by a hornet for 3 turns
  9439 | D:9      | Identified the +0 leather armour of the Stallion {+Inv}
  9445 | D:9      | Succumbed to a meliai's poison

Illustrated notes

Levels and vault maps discovered:
D:1:      dpeg_arrival_tiny_a, layout_basic,
          hellmonk_ecumenical_altar_crossroads, minmay_hexomino_f4
D:2:      layout_basic, uniq_natasha, uniq_jessica
D:3:      kb_forest_paths, layout_basic
D:4:      layout_loops_corners, minitemple, nicolae_titane
D:5:      layout_basic, grunt_temple_overflow_cloverleaf, serial_shops,
          nicolae_shop_tiny_glass, st_stairs_11, serial_park_tiny_2
D:6:      layout_cave_pods, minmay_increasing_density
D:7:      layout_cave_pools, mainiacjoe_overflow_tiny_flanked, okawaru_humans,
          minmay_temple_entry_glassed_door, nicolae_ossuary_entry_giza,
          uniq_maggie
D:8:      layout_basic, mainiacjoe_overflow_alcove_1, dpeg_lair_monsters,
          minmay_bent
D:9:      minmay_the_grid_4x2 [minmay_the_grid_minigrid_small,
          minmay_the_grid_doors, minmay_the_grid_dragon_b, minmay_the_grid_tree,
          minmay_the_grid_minigrid_small_alt, minmay_the_grid_minigrid_large,
          minmay_the_grid_aliased_spiral, minmay_the_grid_prize_diamond_cup],
          layout_irregular_city, mainiacjoe_overflow_alcove_2, serial_shops,
          kennysheep_little_box, kennysheep_generic_room_5
Temple:   hellmonk_temple_two_chambers

Skill      XL: |  1  2  3  4  5  6  7  8  9 10 11 |
---------------+----------------------------------+-----
Dodging        | 1 2 3 4 5 6 8 9 |  9.8
Shields        | 3 4 5 6 7 8 |  8.8
Armour         | 3 4 5 6 7 8 |  8.8
Fighting       | 4 5 6 |  6.5
Axes           | 4 5 6 |  6.6
Invocations    | 5 6 |  6.5

Action                     |  1- 3 |  4- 6 |  7- 9 | 10-12 || total
---------------------------+-------+-------+-------+-------++-------
  Melee: War axe           |    57 |   114 |   223 |   194 ||   588
         Headbutt          |     1 |    14 |    49 |    65 ||   129
 Invoke: Upheaval          |       |       |       |     1 ||     1
    Use: Scroll            |     6 |     7 |     6 |     1 ||    20
         Potion            |       |       |       |     3 ||     3
 Armour: Scale mail        |    17 |    23 |       |       ||    40
         Plate armour      |       |    41 |   124 |    68 ||   233
  Dodge: Dodged            |    29 |    37 |    70 |    61 ||   197
         Repelled          |       |       |       |     1 ||     1
  Block: Buckler           |     9 |    30 |   193 |   201 ||   433
         Reflection        |       |       |    10 |    15 ||    25
